Map: Thunderbird LE

Players

Silky - Winner!

  • Race: Zerg Zerg
  • Spawn Location: 5:00

Dolan

  • Race: Terran Terran
  • Spawn Location: 11:00

VOD

Have the link to the VOD?

Description

Time

  • Played on: Sept. 6, 2019, 7:58 p.m.
  • Length: 10:15
Show
View Real Time Build Order
Export as new Build Order

Silky Zerg - Winner!

Build Orders: Pool First, Muta Ling Bane 

Get SALT Encoding   

  12  0:00  Drone  
  13  0:13  Overlord  
  13  0:16  Drone  
  14  0:31  Drone x2  
  16  0:40  Spawning Pool  
  15  0:44  Drone  
  15  0:47  Drone  
  17  1:08  Hatchery  
  17  1:11  Drone  
  17  1:24  Extractor  
  16  1:27  Zergling x4  
  16  1:28  Zergling x2  
  16  1:31  Queen  
  21  1:39  Overlord  
  21  1:52  Drone  
  22  2:02  Drone  
  22  2:07  Queen  
  25  2:11  Drone  
  26  2:20  Queen, Drone  
  29  2:26  Drone  
  29  2:27  Metabolic Boost  
  30  2:32  Drone  
  30  2:35  Drone  
  32  2:42  Overlord  
  32  2:55  Hatchery  
  31  2:59  Drone  
  31  3:03  Drone x2  
  34  3:08  Drone x2  
  34  3:11  Drone  
  37  3:13  Drone  
  37  3:18  Drone x2  
  40  3:21  Drone  
  40  3:24  Overlord  
  41  3:31  Queen  
  44  3:34  Drone  
  44  3:41  Overlord  
  44  3:45  Drone  
  44  3:46  Drone x3  
  48  3:54  Queen  
  50  3:59  Zergling x2  
  50  4:00  Zergling x2  
  50  4:01  Drone  
  50  4:02  Drone x2  
  55  4:08  Roach Warren  
  53  4:13  Drone x5  
  53  4:16  Queen  
  58  4:22  Overlord  
  58  4:24  Drone x2  
  62  4:27  Queen  
  62  4:30  Drone  
  65  4:35  Drone  
  65  4:37  Overlord  
  66  4:46  Lair  
  66  4:49  Roach x4  
  66  4:52  Overlord  
  73  5:01  Overlord  
  73  5:02  Drone x7  
  73  5:03  Extractor  
  73  5:04  Extractor  
  73  5:05  Extractor  
  73  5:06  Extractor  
  76  5:10  Spore Crawler x2  
  76  5:11  Drone  
  76  5:13  Drone x2  
  77  5:22  Drone  
  77  5:25  Drone x2  
  80  5:30  Hatchery  
  80  5:32  Drone x2  
  80  5:33  Drone x3  
  84  5:43  Extractor  
  84  5:44  Drone  
  84  5:45  Drone x4  
  84  5:46  Spire  
  84  5:49  Overseer  
  87  5:53  Queen, Drone x3  
  87  5:54  Spore Crawler  
  87  5:56  Glial Reconstitution  
  91  6:00  Evolution Chamber  
  91  6:02  Drone, Evolution Chamber  
  91  6:03  Drone x2  
  91  6:14  Baneling Nest  
  91  6:16  Overlord x2  
  91  6:17  Drone  
  91  6:18  Drone  
  93  6:26  Overlord x2  
  93  6:33  Zerg Ground Armor Level 1, Zerg Melee Weapons Level 1  
  93  6:38  Drone x6  
  99  6:40  Zergling x12  
  105  6:58  Mutalisk x8  
  105  7:00  Overlord  
  120  7:02  Drone x3  
  120  7:06  Centrifical Hooks  
  120  7:08  Extractor x2, Drone x4  
  125  7:19  Drone x6  
  125  7:21  Ravager x3  
  134  7:23  Zergling x2  
  134  7:24  Overlord  
  134  7:25  Hatchery  
  134  7:28  Baneling  
  134  7:29  Baneling x4  
  134  7:37  Zergling x4  
  135  7:39  Overlord  
  135  7:43  Zerg Flyer Weapons Level 1  
  135  7:44  Infestation Pit, Zergling x16  
  137  7:47  Overlord x2  
  143  7:52  Baneling  
  143  7:53  Baneling x6  
  143  7:54  Zergling x2  
  143  7:55  Zergling x8  
  143  7:57  Overlord  
  144  7:59  Ravager, Zergling x2  
  144  8:00  Zergling x6  
  144  8:01  Baneling  
  144  8:02  Baneling x3  
  146  8:09  Zergling x16  
  146  8:10  Baneling x3  
  146  8:12  Zergling x2  
  146  8:20  Mutalisk x4  
  146  8:26  Mutalisk x2  
  154  8:30  Drone x2  
  156  8:35  Hive  
  156  8:36  Drone x4  
  160  8:43  Zergling x10  
  165  8:53  Drone  
  165  8:54  Drone x2  
  165  8:55  Drone x4  
  172  8:59  Mutalisk  
  174  9:06  Zergling x16  
  174  9:08  Overlord  
  174  9:09  Baneling x10  
  182  9:12  Hatchery  
  181  9:23  Zergling x2  
  182  9:27  Extractor  
  182  9:28  Spine Crawler  
  182  9:29  Spine Crawler  
  182  9:30  Extractor  
  178  9:35  Baneling  
  178  9:36  Baneling x24  
  178  9:37  Zergling x26  
  189  9:51  Ultralisk Cavern  
  182  9:55  Zergling x16  
Show
View Real Time Build Order
Export as new Build Order

Dolan Terran 

Build Orders: Gas First Reaper Expand, Liberator Opening 

Get SALT Encoding   

  12  0:00  SCV  
  13  0:12  SCV  
  14  0:17  Supply Depot  
  14  0:24  SCV  
  14  0:27  Refinery  
  15  0:38  SCV  
  16  0:44  Barracks  
  16  0:50  SCV  
  17  1:02  SCV  
  18  1:14  SCV  
  19  1:30  Orbital Command  
  19  1:31  Reaper  
  20  1:45  Command Center  
  19  1:56  SCV  
  19  1:58  Factory  
  20  2:05  Barracks Reactor  
  20  2:08  SCV  
  21  2:12  Supply Depot  
  21  2:16  Refinery  
  21  2:21  SCV  
  22  2:33  SCV  
  23  2:44  Starport  
  23  2:45  SCV  
  23  2:49  Marine, Hellion x2  
  29  2:57  SCV  
  30  3:00  Orbital Command  
  30  3:07  Barracks Tech Lab  
  30  3:16  SCV  
  30  3:18  Liberator  
  33  3:20  Hellion x2  
  35  3:32  SCV x2  
  40  3:42  Supply Depot  
  40  3:48  SCV x2  
  42  3:54  Hellion x2  
  46  4:00  Barracks Tech Lab  
  46  4:09  SCV  
  47  4:10  SCV  
  47  4:11  Supply Depot  
  47  4:22  Marine  
  47  4:23  Stimpack  
  48  4:25  SCV x2  
  50  4:34  Command Center  
  50  4:41  SCV x2  
  50  4:43  Marine, Siege Tank  
  56  4:53  Supply Depot  
  56  4:58  Barracks  
  56  4:59  Starport Reactor  
  53  5:01  SCV x2, Barracks  
  55  5:10  Marine  
  56  5:14  Engineering Bay  
  56  5:15  Engineering Bay  
  56  5:16  SCV x2  
  54  5:23  Siege Tank  
  57  5:28  SCV x2  
  57  5:32  Marine  
  60  5:40  SCV x2  
  60  5:46  Terran Infantry Armor Level 1, Terran Infantry Weapons Level 1  
  60  5:48  Orbital Command, Refinery  
  60  5:49  Starport Reactor, Refinery  
  60  5:55  SCV x2  
  62  6:02  Marine x5  
  67  6:05  Siege Tank  
  67  6:07  SCV x2  
  67  6:10  Combat Shield  
  72  6:18  SCV  
  72  6:19  SCV  
  72  6:20  SCV  
  72  6:23  Barracks  
  72  6:24  Barracks  
  75  6:30  SCV  
  75  6:31  SCV  
  75  6:32  SCV  
  78  6:37  Armory  
  78  6:40  Supply Depot  
  78  6:42  SCV  
  78  6:43  SCV  
  78  6:44  SCV  
  78  6:47  Medivac x2  
  85  6:59  Marine x5, SCV x2, Supply Depot  
  85  7:01  SCV  
  93  7:05  Siege Tank  
  96  7:17  Barracks  
  96  7:18  Barracks x2, Barracks Reactor x2  
  96  7:31  SCV  
  96  7:35  Marine x5  
  96  7:37  Supply Depot x2  
  102  7:41  Terran Infantry Armor Level 2, Terran Infantry Weapons Level 2  
  102  7:43  Terran Vehicle Weapons Level 1  
  102  7:50  Supply Depot  
  98  7:53  Marine  
  98  7:54  Marine x5  
  98  7:55  Marine  
  95  8:12  Marine x3  
  83  8:13  Marine x2  
  84  8:20  Marine x3  
  84  8:21  Barracks Reactor x2  
  84  8:22  Barracks Reactor  
  83  8:33  Marine x4  
  86  8:38  Siege Tank, Medivac  
  91  8:42  SCV x3  
  91  8:45  Marine x5  
  99  8:49  Supply Depot  
  99  8:50  Missile Turret  
  99  8:51  Marine x4, Missile Turret  
  99  8:54  SCV x3  
  106  8:56  Missile Turret  
  106  8:59  Marine x4  
  106  9:01  Marine x2, Medivac  
  114  9:03  Marine x3  
  114  9:07  Marine x2  
  114  9:09  Marine  
  120  9:14  SCV  
  120  9:18  Marine x3  
  120  9:21  Siege Tank  
  120  9:22  Medivac  
  128  9:25  Marine x4  
  128  9:40  Marine x2  
  128  9:41  Marine x2  
  128  9:42  Marine x2  
  134  9:51  Marine x3  
  134  9:54  Supply Depot  
  134  9:55  Supply Depot  
Tags
 
Add a new tag
Caveats
  • Supply blocks, unpowered buildings, or Contaminate may cause inaccurate times.
  • Supply counts are checked every 10 seconds.